 Dungeon Crawl Stone Soup version 0.27-a0-808-g60bc5d92e6 (webtiles) character file.

Game seed: 7168124981958032445

3070 Lanoc the Thrower (level 9, -5/88 HPs)
             Began as a Troll Hunter on Mar 28, 2021.
             Was a Priest of Elyvilon.
             Slain by a killer bee (6 damage)
             ... on level 7 of the Dungeon.
             The game lasted 00:12:29 (5225 turns).

Lanoc the Thrower (Troll Hunter)                    Turns: 5225, Time: 00:12:29

Health: -5/88      AC:  5    Str: 22    XL:     9   Next: 58%
Magic:  11/11      EV: 11    Int:  7    God:    Elyvilon [***...]
Gold:   334        SH:  5    Dex: 13    Spells: 7/8 levels left

rFire    . . .     SeeInvis .   (no weapon)
rCold    . . .     Faith    .   (no shield)
rNeg     . . .     Spirit   .   b - +0 robe
rPois    .         Reflect  +   (helmet restricted)
rElec    .         Harm     .   h - +0 cloak
rCorr    .         Rampage  .   (gloves unavailable)
Will     .....                  (boots unavailable)
Stlth    +.........             C - amulet of reflection
HPRegen  1.24/turn              (no ring)
MPRegen  0.12/turn              (no ring)

@: lethally poisoned (-5 -> -8)
A: large, unfitting armour, claws 3, regeneration 1, shaggy fur 1, tough skin 1
a: Renounce Religion, Lesser Healing, Heal Other, Purification, Divine
Protection


You were on level 7 of the Dungeon.
You worshipped Elyvilon.
Elyvilon was most pleased with you.
You visited 2 branches of the dungeon, and saw 8 of its levels.
You also visited: Sewer and Ossuary.

You collected 334 gold pieces.

Inventory:

Missiles
 c - 4 large rocks
 d - a throwing net
 f - 3 atropa-tipped darts
 j - 27 poisoned darts (quivered)
Armour
 b - a +0 robe (worn)
 h - a +0 cloak (worn)
Jewellery
 C - an amulet of reflection (around neck)
Wands
 e - a wand of polymorph (14)
 v - a wand of paralysis (2)
 y - a wand of flame (17)
 B - a wand of random effects (19)
Scrolls
 m - a scroll of teleportation
 s - 2 scrolls of fear {unknown}
 u - 4 scrolls of noise {unknown}
 A - a scroll of immolation {unknown}
 D - a scroll of amnesia {unknown}
Potions
 a - 2 potions of haste
 g - a potion of heal wounds
 i - 4 potions of degeneration {unknown}
 k - 2 potions of berserk rage {unknown}
 l - a potion of magic {unknown}
 n - 2 potions of invisibility {unknown}
 o - a potion of brilliance
 p - a potion of cancellation
 q - a potion of lignification {unknown}
 r - 2 potions of resistance
 w - 2 potions of curing
 x - a potion of flight
 z - a potion of might


   Skills:
 + Level 5.2 Fighting
 * Level 8.8 Throwing
 + Level 5.3 Dodging
 - Level 0.3 Stealth
 + Level 4.8 Invocations


You had 7 spell levels left.
You knew the following spells:

 Your Spells              Type           Power      Damage    Failure   Level
a - Apportation           Tloc           0%         N/A       43%         1

Your spell library contained the following spells:

 Spells                   Type           Power      Damage    Failure   Level
 Animate Skeleton         Necr           0%         N/A       43%         1
 Corona                   Hex            0%         N/A       43%         1
 Magic Dart               Conj           0%         1d3       43%         1
 Summon Small Mammal      Summ           0%         N/A       43%         1
 Blink                    Tloc           N/A        N/A       56%         2
 Call Imp                 Summ           0%         N/A       56%         2
 Slow                     Hex            0%         N/A       56%         2
 Conjure Flame            Conj/Fire      0%         6-21      80%         3
 Mephitic Cloud           Conj/Pois/Air  0%         N/A       80%         3


Dungeon Overview and Level Annotations

Branches:
Dungeon (7/15)             Temple (1/1) D:4           Sewer (visited)
Ossuary (visited)

Altars:
Elyvilon
Trog
Zin


Innate Abilities, Weirdness & Mutations

You are too large for most types of armour.
You have claws for hands.
Your natural rate of healing is unusually fast.
You are covered in fur. (AC +1)
You have tough skin. (AC +1)


Message History

Press: ? - help, Q - select action, (/) - cycle Shift-Dir - straight line, f/p - killer bee
Aim: a killer bee (38% to hit)
You throw a poisoned dart.
The poisoned dart closely misses the killer bee.
You feel very sick. The killer bee stings you.
* * * LOW HITPOINT WARNING * * *
The killer bee barely misses you.
Throw: 30 darts (poison)
Press: ? - help, Q - select action, (/) - cycle Shift-Dir - straight line, f/p - killer bee
Aim: a killer bee (38% to hit)
You throw a poisoned dart.
The poisoned dart closely misses the killer bee.
You feel sick. The killer bee stings you.
* * * LOW HITPOINT WARNING * * *
You are more poisoned.
The killer bee poisons you! The killer bee closely misses you.
The killer bee stings you.
* * * LOW HITPOINT WARNING * * *
Throw: 29 darts (poison)
Press: ? - help, Q - select action, (/) - cycle Shift-Dir - straight line, f/p - killer bee
Aim: a killer bee (38% to hit)
You throw a poisoned dart. The poisoned dart hits the killer bee.
The killer bee is poisoned.
You hear the faint creaking of a very distant portcullis.
You feel sick. The killer bee stings you!
* * * LOW HITPOINT WARNING * * *
The killer bee closely misses you.
The killer bee stings you but does no damage.
Throw: 28 darts (poison)
Press: ? - help, Q - select action, (/) - cycle Shift-Dir - straight line, f/p - killer bee
Aim: a killer bee (moderately wounded, poisoned, 38% to hit)
You throw a poisoned dart.
The poisoned dart closely misses the killer bee.
You feel very sick. The killer bee stings you.
* * * LOW HITPOINT WARNING * * *
A howler monkey comes into view.
The killer bee stings you.
You die...

#######
.......#########
.......#.....<.#
.......+.....(.#
.......#..##..##
.......#'###..#
...........#..# .
...........#..#
..########(.y@#..#
.........#...y#..#
((((.....(.†..#..#
##.....#(...#
#.(...#....#
...((.h..#....#
.(.......#....#
..##.....#....# .
#.....#....#


You could see a howler monkey (wandering) and 2 killer bees.

Vanquished Creatures
  Pikel (D:4)
  Grinder (D:3)
  Sigmund (D:4)
  Eustachio (D:5)
  A wraith (Ossuary)
  Menkaure (D:6)
  A water moccasin (Sewer)
  2 black bears
  3 ogres
  A phantom (D:3)
  2 wyvern skeletons (D:6)
  7 killer bees
  2 scorpions
  A hound (D:2)
  2 orc priests
  A bullfrog skeleton (D:6)
  A centaur skeleton (D:6)
  Jessica (D:3)
  5 iguanas
  Natasha (thrice) (D:3)
  3 orc wizards
  2 killer bee zombies (D:6)
  A hound zombie (D:5)
  A hound skeleton (D:4)
  A mummy (Ossuary)
  4 gnolls (D:5)
  A howler monkey skeleton (D:6)
  7 adders
  An adder skeleton (D:4)
  A worm (D:4)
  3 dart slugs
  14 orcs
  4 endoplasms
  3 giant cockroaches (D:1)
  13 hobgoblins
  12 jackals
  6 quokkas
  6 ball pythons
  8 bats
  4 frilled lizards
  10 gnoll skeletons (Ossuary)
  6 goblins (D:1)
  7 kobolds
  9 kobold skeletons (Ossuary)
  6 orc skeletons (Ossuary)
  5 rats
176 creatures vanquished.

Vanquished Creatures (others)
  An orc wizard (D:4)
1 creature vanquished.

Grand Total: 177 creatures vanquished

Notes
Turn   | Place    | Note
-------+----------+-------------------------------------------
     0 | D:1      | Lanoc the Troll Hunter began the quest for the Orb.
     0 | D:1      | Reached XP level 1. HP: 19/19 MP: 0/0
   127 | D:1      | Reached XP level 2. HP: 28/28 MP: 1/1
   165 | D:1      | Reached skill level 4 in Throwing
   320 | D:1      | Reached XP level 3. HP: 27/35 MP: 2/2
   606 | D:2      | Reached XP level 4. HP: 41/42 MP: 3/3
   622 | D:2      | Found a bloodstained altar of Trog.
  1021 | D:3      | Noticed Natasha
  1029 | D:3      | Killed Natasha
  1030 | D:3      | Reached XP level 5. HP: 50/50 MP: 4/4
  1264 | D:3      | Noticed Natasha
  1271 | D:3      | Killed Natasha
  1272 | D:3      | Reached skill level 5 in Throwing
  1436 | D:3      | Found a glowing silver altar of Zin.
  1436 | D:3      | Found a white marble altar of Elyvilon.
  1440 | D:3      | Became a worshipper of Elyvilon the Healer
  1551 | D:3      | Noticed Grinder
  1557 | D:3      | Paralysed by Grinder for 6 turns
  1572 | D:3      | Killed Grinder
  1573 | D:3      | Reached skill level 1 in Invocations
  1573 | D:3      | Reached XP level 6. HP: 23/61 MP: 5/5
  1685 | D:3      | Noticed Natasha
  1691 | D:3      | Killed Natasha
  1721 | D:3      | Noticed Jessica
  1723 | D:3      | Killed Jessica
  1791 | D:4      | Reached XP level 7. HP: 67/67 MP: 7/7
  1810 | D:4      | Reached skill level 6 in Throwing
  1838 | D:4      | Found a sand-covered staircase.
  1846 | Ossuary  | Entered an ossuary
  1846 | Ossuary  | Noticed a wraith
  1846 | Ossuary  | Noticed a wraith
  1846 | Ossuary  | Noticed a wraith
  1923 | Ossuary  | Noticed a wraith
  1938 | Ossuary  | Killed a wraith
  1944 | Ossuary  | Reached * piety under Elyvilon
  2338 | D:4      | Noticed Sigmund
  2340 | D:4      | Killed Sigmund
  2460 | D:4      | Reached XP level 8. HP: 55/78 MP: 9/9
  2681 | D:4      | Paralysed by an orc for 3 turns
  2756 | D:4      | Noticed Pikel
  2774 | D:4      | Killed Pikel
  2775 | D:4      | Reached skill level 7 in Throwing
  3423 | D:5      | Entered Level 5 of the Dungeon
  3438 | D:5      | Reached ** piety under Elyvilon
  3496 | D:5      | Found a glowing drain.
  3552 | D:5      | Learned a level 1 spell: Apportation
  3560 | Sewer    | Entered a sewer
  4013 | D:5      | Noticed Eustachio
  4039 | D:5      | Killed Eustachio
  4040 | D:5      | Reached skill level 8 in Throwing
  4040 | D:5      | Reached XP level 9. HP: 41/85 MP: 11/11
  4265 | D:4      | Found a staircase to the Ecumenical Temple.
  4270 | Temple   | Entered the Ecumenical Temple
  4446 | D:5      | Reached skill level 5 in Dodging
  4667 | D:6      | Reached skill level 5 in Fighting
  4793 | D:6      | Noticed Menkaure
  4801 | D:6      | Killed Menkaure
  5179 | D:7      | Reached *** piety under Elyvilon
  5225 | D:7      | HP: 1/88 [killer bee (6)]
  5225 | D:7      | Slain by a killer bee

Illustrated notes

Levels and vault maps discovered:
D:1:      eino_arrival_druids_welcome, layout_loops_ring
D:2:      layout_rooms, lemuel_crystal_altar
D:3:      layout_loops_ring, gammafunk_temple_overflow_wave, uniq_jessica,
          uniq_natasha, uniq_grinder
D:4:      layout_layer_cave, minmay_temple_entry_from_below_a,
          nicolae_ossuary_entry_plus, hex_tiny, uniq_sigmund, uniq_pikel
D:5:      layout_basic, cheibrodos_sewer_entry_sluice, lemuel_flamethrower_1,
          uniq_eustachio
D:6:      layout_rooms, uniq_menkaure
D:7:      layout_gridville, nicolae_vehumet_altar_sigil, lemuel_round_altar,
          enter_bailey_5, uniq_harold
Temple:   regret_index_temple_sphere_string

Skill      XL: |  1  2  3  4  5  6  7  8  9 |
---------------+----------------------------+-----
Throwing       | 4 5 6 8 |  8.8
Dodging        | 2 3 4 5 |  5.3
Fighting       | 2 3 4 5 |  5.2
Invocations    | 1 2 4 |  4.8
Stealth        | |  0.3

Action                   |  1- 3 |  4- 6 |  7- 9 || total
-------------------------+-------+-------+-------++-------
Melee: Unarmed           |   102 |   121 |   447 ||   670
Throw: Dart              |       |    17 |    83 ||   100
       Large rock        |       |     1 |     8 ||     9
       Throwing net      |       |       |     1 ||     1
  Use: Potion            |       |     4 |     2 ||     6
       Scroll            |       |       |    11 ||    11
 Stab: Sleeping          |     2 |     1 |     1 ||     4
Armor: Robe              |    54 |    64 |   177 ||   295
       Skin              |       |     1 |       ||     1
Dodge: Dodged            |    58 |   120 |   330 ||   508
Block: Other             |       |       |    18 ||    18

Table legend: (Time is in decaauts)
 A = Elapsed time spent in this place.
 B = Non-inter-level travel time spent in this place.
 C = Inter-level travel time spent in this place.
 D = Time resting spent in this place.
 E = Time spent auto-exploring this place.
 F = Levels seen in this place.
 G = Mean time per level.
                   A        B        C        D        E       F      G
               +--------+--------+--------+--------+--------+-----+--------+
         Total |   5223 |   5117 |    106 |    217 |   3368 |  10 |  522.3 |
       Dungeon |   4767 |   4661 |    106 |    217 |   3131 |   7 |  681.0 |
        Temple |      1 |      1 |      0 |      0 |      0 |   1 |    1.0 |
         Sewer |    200 |    200 |      0 |      0 |    132 |   1 |  200.0 |
       Ossuary |    253 |    253 |      0 |      0 |    105 |   1 |  253.0 |
               +--------+--------+--------+--------+--------+-----+--------+

Top non-repeatable levels by time:
     D:4: 1412 daAuts
     D:5: 891 daAuts
     D:3: 751 daAuts
     D:6: 643 daAuts
     D:1: 573 daAuts
     D:2: 445 daAuts
 Ossuary: 253 daAuts
   Sewer: 200 daAuts
     D:7: 50 daAuts
  Temple: 1 daAuts
